 Dungeon Crawl Stone Soup version 0.31-a0-152-g6aa68a64a1 (webtiles) character file.

Game seed: 6131403854406804279

5079 qw the Skirmisher (level 10, -2/96 HPs)
             Began as a Naga Hunter on June 10, 2023.
             Slain by a death yak (10 damage)
             ... on level 9 of the Dungeon.
             The game lasted 00:03:02 (6437 turns).

qw the Skirmisher (Naga Hunter)                     Turns: 6437, Time: 00:03:02

Health: -2/96      AC: 15    Str: 13    XL:     10   Next: 56%
Magic:  10/10      EV:  9    Int: 10    God:
Gold:   417        SH:  0    Dex: 19    Spells: 9/9 levels left

rFire   . . .        l - +2 arbalest (freeze)
rCold   . . .        (shield currently unavailable)
rNeg    + . .        m - +3 leather armour
rPois   +            i - +0 helmet
rElec   .            d - +0 cloak
rCorr   .            (no gloves)
SInv    +            h - +0 barding of Bilez {Harm rN+ Will+ Regen+}
Will    ++...        (no amulet)
Stlth   ++           (no ring)
HPRegen 1.16/turn    (no ring)
MPRegen 0.12/turn

%: harm (+30% outgoing, +20% incoming)
@: about to teleport, short of breath, very slow
A: AC +3, large, see invisible, deformed body, poison resistance, slowness 2,
spit poison 1, naga tail 1
a: Spit Poison


You were on level 9 of the Dungeon.
You visited 2 branches of the dungeon, and saw 10 of its levels.
You also visited: Ossuary.

You collected 642 gold pieces.
You spent 225 gold pieces at shops.


Innate Abilities, Weirdness & Mutations

Your serpentine skin is tough. (AC +3)
You have supernaturally acute eyesight. (SInv)
Armour fits poorly on your strangely shaped body.
Your system is resistant to poisons. (rPois)
You cover ground very slowly.
You can spit poison.
You have a snake-like lower body.


   Skills:
 - Level 8.0 Fighting
 + Level 11.4 Ranged Weapons
 - Level 3.0 Armour
 - Level 4.0 Dodging
 - Level 1.5 Stealth


You had 9 spell levels left.
You didn't know any spells.
Your spell library was empty.

Inventory:

Hand Weapons
 l - a +2 arbalest of freezing (weapon)
Armour
 d - a +0 cloak (worn)
 h - the +0 barding of Bilez (worn) {Harm rN+ Will+ Regen+}
   (You acquired it on level 3 of the Dungeon)

   rN:        It protects you from negative energy.
   Regen:     It increases your rate of health regeneration.
   Harm:      It increases damage dealt and taken.
   Will:      It increases your willpower.
 i - a +0 helmet (worn)
 m - a +3 leather armour (worn)
Scrolls
 b - 3 scrolls of teleportation
 e - 10 scrolls of identify
Potions
 a - 3 potions of mutation
 f - 5 potions of curing
 j - 2 potions of might
 k - 2 potions of haste
 n - a potion of cancellation

Dungeon Overview and Level Annotations

Branches:
Dungeon (9/15)             Temple (1/1) D:4         Ossuary (visited)
   Lair: D:8-11         Orc: D:9-12

Altars:
Ashenzari
Cheibriados
Dithmenos
Elyvilon
Fedhas
Gozag
Hepliaklqana
Kikubaaqudgha
Makhleb
Nemelex Xobeh
Qazlal
Ru
Sif Muna
Trog
Uskayaw
Vehumet
Wu Jian
Yredelemnul
Zin
The Shining One

Shops:
D:1 *   D:2 :   D:8 ?

Annotations:
D:8 3 runed translucent doors, qw's ghost, novice GrFi


Message History

You have got your breath back.
6432 ||| INVOKING Spit Poison.
Aiming: Spit Poison (1% risk of failure)
Press: ? - help, Shift-Dir - straight line, f - death yak The splash of poison hits the death yak!
The death yak is lightly wounded.
You shoot a bolt. The bolt barely misses the death yak.
The death yak gores you. The death yak gores you!
The death yak gores you but does no damage.
The death yak misses you.
You shoot a bolt. The bolt hits the death yak!
The bolt freezes the death yak.
The death yak is moderately wounded.
You have got your breath back.
The centaur unwields a +0 long sword.
The centaur wields a +0 shortbow.
The centaur shoots an arrow.
The arrow hits you but does no damage. The death yak barely misses you.
6435 ||| INVOKING Spit Poison.
Aiming: Spit Poison (1% risk of failure)
Press: ? - help, Shift-Dir - straight line, f/p - death yak The splash of poison hits the death yak.
The death yak is moderately wounded.
The death yak gores you!
The death yak gores you but does no damage.
The yak gores you.
The centaur unwields a +0 shortbow.
The centaur wields a +0 long sword.
The centaur hits you but does no damage.
The centaur kicks you but does no damage.
You shoot a bolt. The bolt hits the death yak!
The bolt freezes the death yak.
The death yak is heavily wounded.
The centaur hits you with a +0 long sword!
The centaur kicks you but does no damage.
The yak gores you but does no damage. The death yak gores you!!
The death yak gores you but does no damage.
The yak gores you! The death yak gores you!
The death yak gores you but does no damage.
6437 ||| READING 4 scrolls of teleportation.
As you read the scroll of teleportation, it crumbles to dust.
You feel strangely unstable.
The yak barely misses you. x2; The death yak gores you!
You die...

#...........#
#...........#
#...##......#
#...##......#
#...##......# #
#...##......###.+
#.....[.........#
#..[......Y.....#
#.........Y@Y.###
#.........YYc.#
#.........Y...#
#....###.....(..
#.... #.........
#....
............
......#######
........


You could see 3 death yaks, 3 yaks and a centaur.

Vanquished Creatures
  Maggie (D:7)
  A wyvern (D:8)
  Eustachio (D:4)
  6 yaks (D:9)
  2 steam dragons
  2 water moccasins (D:8)
  2 orc warriors
  4 ice beasts
  An ogre (D:4)
  A centaur (D:7)
  2 elf zombies (Ossuary)
  2 bullfrogs
  A gnoll sergeant (D:5)
  2 kobold brigands
  4 scorpions
  9 wights
  4 killer bees (D:7)
  4 hounds
  A jelly (D:5)
  A gnoll bouda (D:8)
  4 orc priests
  A sleepcap (D:6)
  Natasha (D:4)
  5 iguanas
  8 orc wizards
  3 hound zombies (Ossuary)
  4 mummies (Ossuary)
  7 adders
  17 gnolls
  3 white imps
  2 ufetubi
  An adder zombie (Ossuary)
  31 orcs
  9 bats
  3 endoplasms
  3 gnoll zombies (Ossuary)
  2 goblins (D:1)
  7 hobgoblins
  4 jackals
  2 quokkas (D:1)
  6 ball pythons
  A frilled lizard (D:1)
  A goblin zombie (D:5)
  A hobgoblin zombie (Ossuary)
  23 kobolds
  A kobold zombie (Ossuary)
  An orc zombie (Ossuary)
  4 rats
  A rat zombie (D:5)
207 creatures vanquished.

Vanquished Creatures (others)
  A human (D:6)
1 creature vanquished.

Grand Total: 208 creatures vanquished

Notes
Turn   | Place    | Note
-------+----------+-------------------------------------------
     0 | D:1      | qw the Naga Hunter began the quest for the Orb.
     0 | D:1      | Reached XP level 1. HP: 19/19 MP: 1/1
     0 | D:1      | 0 ||| qw: Version: 0.2-a-29-g767f381
     0 | D:1      | 0 ||| qw: Game counter: 3866
     0 | D:1      | 0 ||| qw: Always use a shield: true
     0 | D:1      | 0 ||| qw: God list: Okawaru
     0 | D:1      | 0 ||| qw: Allow faded altars: false
     0 | D:1      | 0 ||| qw: Do Orc after D:15 true
     0 | D:1      | 0 ||| qw: Do second Lair branch before Depths: true
     0 | D:1      | 0 ||| qw: Lair rune preference: random
     0 | D:1      | 0 ||| qw: Plans: Normal
     0 | D:1      | 0 ||| PLANNING D:1-11
   109 | D:1      | 109 ||| INVOKING Spit Poison.
   145 | D:1      | 145 ||| INVOKING Spit Poison.
   159 | D:1      | 159 ||| INVOKING Spit Poison.
   162 | D:1      | 162 ||| INVOKING Spit Poison.
   167 | D:1      | Reached skill level 4 in Ranged Weapons
   167 | D:1      | Reached XP level 2. HP: 26/26 MP: 2/2
   174 | D:1      | Found Gaolix's Assorted Antiques.
   178 | D:1      | 178 ||| INVOKING Spit Poison.
   199 | D:1      | 199 ||| INVOKING Spit Poison.
   202 | D:1      | 202 ||| SHOPLISTING 2 scrolls labelled UWOBEG FEMASON (48
                  | gold, have 16).
   202 | D:1      | 202 ||| SHOPLISTING puce potion (21 gold, have 16).
   202 | D:1      | 202 ||| SHOPLISTING scroll labelled ASEJEO UDGHAULL (24
                  | gold, have 16).
   202 | D:1      | 202 ||| SHOPLISTING scroll labelled BUUQOV FUREMP (24 gold,
                  | have 16).
   202 | D:1      | 202 ||| SHOPLISTING scroll labelled NAPPAE ZOQA (24 gold,
                  | have 16).
   335 | D:1      | 335 ||| INVOKING Spit Poison.
   338 | D:1      | 338 ||| INVOKING Spit Poison.
   371 | D:1      | 371 ||| INVOKING Spit Poison.
   406 | D:1      | Found a faded altar of an unknown god.
   505 | D:1      | 505 ||| INVOKING Spit Poison.
   519 | D:1      | 519 ||| INVOKING Spit Poison.
   540 | D:1      | 540 ||| INVOKING Spit Poison.
   544 | D:1      | 544 ||| INVOKING Spit Poison.
   547 | D:1      | Reached XP level 3. HP: 32/32 MP: 3/3
   550 | D:1      | 550 ||| INVOKING Spit Poison.
   555 | D:1      | 555 ||| INVOKING Spit Poison.
   623 | D:1      | 623 ||| INVOKING Spit Poison.
   661 | D:1      | 661 ||| INVOKING Spit Poison.
   680 | D:1      | 680 ||| INVOKING Spit Poison.
   688 | D:1      | 688 ||| INVOKING Spit Poison.
   693 | D:1      | 693 ||| UPGRADING to +0 helmet.
   698 | D:1      | 698 ||| READING scroll labelled SEHENWUSTRU.
   699 | D:1      | 699 ||| READING 2 scrolls labelled BUUQOV FUREMP.
   700 | D:1      | 700 ||| READING scroll labelled XIPESUISSYRGH.
   701 | D:1      | 701 ||| READING scroll labelled GATEGOEHOSM.
   704 | D:1      | 704 ||| DROPPING scroll of butterflies.
   761 | D:2      | 761 ||| INVOKING Spit Poison.
   826 | D:2      | 826 ||| INVOKING Spit Poison.
   894 | D:2      | Found Icovotoosm's Book Emporium.
   901 | D:2      | 901 ||| INVOKING Spit Poison.
   969 | D:2      | 969 ||| INVOKING Spit Poison.
  1293 | D:2      | 1293 ||| DROPPING ring of flight.
  1294 | D:2      | 1294 ||| READING scroll labelled REDDAUHIAMP.
  1295 | D:2      | 1295 ||| READING scroll labelled UWOBEG FEMASON.
  1296 | D:2      | 1296 ||| DRINKING 3 fizzy orange potions.
  1297 | D:2      | 1297 ||| READING 3 scrolls of identify.
  1297 | D:2      | 1297 ||| IDENTIFYING puce potion
  1298 | D:2      | 1298 ||| READING 2 scrolls of identify.
  1298 | D:2      | 1298 ||| IDENTIFYING fuming silvery potion
  1299 | D:2      | 1299 ||| DROPPING 2 potions of degeneration.
  1345 | D:3      | 1345 ||| INVOKING Spit Poison.
  1370 | D:3      | 1370 ||| INVOKING Spit Poison.
  1375 | D:3      | 1375 ||| INVOKING Spit Poison.
  1376 | D:3      | 1376 ||| INVOKING Spit Poison.
  1394 | D:3      | 1394 ||| INVOKING Spit Poison.
  1398 | D:3      | 1398 ||| INVOKING Spit Poison.
  1453 | D:3      | 1453 ||| INVOKING Spit Poison.
  1456 | D:3      | Reached skill level 5 in Ranged Weapons
  1456 | D:3      | Reached XP level 4. HP: 34/39 MP: 4/4
  1531 | D:3      | 1531 ||| INVOKING Spit Poison.
  1534 | D:3      | 1534 ||| INVOKING Spit Poison.
  1539 | D:3      | 1539 ||| INVOKING Spit Poison.
  1614 | D:3      | 1614 ||| INVOKING Spit Poison.
  1673 | D:3      | 1673 ||| INVOKING Spit Poison.
  1678 | D:3      | 1678 ||| INVOKING Spit Poison.
  1682 | D:3      | 1682 ||| INVOKING Spit Poison.
  1685 | D:3      | Reached skill level 3 in Fighting
  1750 | D:3      | 1750 ||| INVOKING Spit Poison.
  1759 | D:3      | 1759 ||| INVOKING Spit Poison.
  1762 | D:3      | Reached XP level 5. HP: 49/49 MP: 5/5
  1795 | D:3      | 1795 ||| INVOKING Spit Poison.
  1824 | D:3      | 1824 ||| INVOKING Spit Poison.
  1985 | D:3      | 1985 ||| UPGRADING to +0 cloak.
  1990 | D:3      | 1990 ||| READING scroll labelled ERHUIH FEOR.
  1990 | D:3      | Identified a scroll of acquirement
  1990 | D:3      | 1990 ||| ACQUIRING +0 barding of Bilez {Harm rN+ Will+
                  | Regen+}
  1990 | D:3      | Acquired the +0 barding of Bilez {Harm rN+ Will+ Regen+}
  1992 | D:3      | 1992 ||| UPGRADING to +0 barding of Bilez {Harm rN+ Will+
                  | Regen+}.
  1997 | D:3      | 1997 ||| READING 3 scrolls labelled KUTOYFAOCK.
  1998 | D:3      | 1998 ||| READING 2 scrolls of enchant weapon.
  1998 | D:3      | 1998 ||| ENCHANTING +1 shortbow.
  1999 | D:3      | 1999 ||| READING scroll of enchant weapon.
  1999 | D:3      | 1999 ||| ENCHANTING +2 shortbow.
  2000 | D:3      | 2000 ||| READING scroll labelled ASEJEO UDGHAULL.
  2001 | D:3      | 2001 ||| READING scroll labelled ERGHIQ PUERGH.
  2002 | D:3      | 2002 ||| READING 2 scrolls of identify.
  2002 | D:3      | 2002 ||| IDENTIFYING murky white potion
  2003 | D:3      | 2003 ||| DROPPING potion of magic.
  2042 | D:4      | 2042 ||| INVOKING Spit Poison.
  2049 | D:4      | 2049 ||| INVOKING Spit Poison.
  2055 | D:4      | Reached skill level 1 in Armour
  2082 | D:4      | Noticed an ogre
  2084 | D:4      | 2084 ||| INVOKING Spit Poison.
  2085 | D:4      | Killed an ogre
  2086 | D:4      | Reached XP level 6. HP: 56/56 MP: 6/6
  2089 | D:4      | 2089 ||| INVOKING Spit Poison.
  2095 | D:4      | Reached skill level 6 in Ranged Weapons
  2100 | D:4      | Noticed an ice beast
  2110 | D:4      | Killed an ice beast
  2155 | D:4      | 2155 ||| INVOKING Spit Poison.
  2159 | D:4      | 2159 ||| INVOKING Spit Poison.
  2162 | D:4      | 2162 ||| INVOKING Spit Poison.
  2168 | D:4      | 2168 ||| INVOKING Spit Poison.
  2173 | D:4      | Found a staircase to the Ecumenical Temple.
  2174 | D:4      | 2174 ||| PLANNING TEMPLE
  2182 | Temple   | Entered the Ecumenical Temple
  2281 | Temple   | 2281 ||| PLANNING D:1-11
  2315 | D:4      | 2315 ||| INVOKING Spit Poison.
  2389 | D:4      | 2389 ||| INVOKING Spit Poison.
  2390 | D:4      | Reached XP level 7. HP: 64/64 MP: 7/7
  2392 | D:4      | 2392 ||| INVOKING Spit Poison.
  2515 | D:4      | Noticed Eustachio
  2515 | D:4      | Noticed Natasha
  2516 | D:4      | 2516 ||| INVOKING Spit Poison.
  2518 | D:4      | 2518 ||| Stepping ~*~*~tactically~*~*~ (outnumbered).
  2520 | D:4      | 2520 ||| Stepping ~*~*~tactically~*~*~ (outnumbered).
  2521 | D:4      | 2521 ||| INVOKING Spit Poison.
  2523 | D:4      | 2523 ||| Stepping ~*~*~tactically~*~*~ (outnumbered).
  2525 | D:4      | Killed Natasha
  2526 | D:4      | 2526 ||| INVOKING Spit Poison.
  2532 | D:4      | 2532 ||| INVOKING Spit Poison.
  2537 | D:4      | 2537 ||| INVOKING Spit Poison.
  2541 | D:4      | 2541 ||| FLEEEEING.
  2542 | D:4      | Killed Eustachio
  2543 | D:4      | Reached skill level 7 in Ranged Weapons
  2630 | D:4      | Reached XP level 8. HP: 72/72 MP: 8/8
  2639 | D:4      | Reached skill level 8 in Ranged Weapons
  2700 | D:4      | 2700 ||| READING 4 scrolls of identify.
  2700 | D:4      | 2700 ||| IDENTIFYING glowing ruby potion
  2714 | D:5      | Entered Level 5 of the Dungeon
  2715 | D:5      | 2715 ||| PLANNING OSSUARY
  2747 | D:5      | Found a sand-covered staircase.
  2758 | Ossuary  | Entered an ossuary
  2960 | Ossuary  | 2960 ||| READING scroll labelled ACSOSU IWICK.
  2961 | Ossuary  | 2961 ||| READING 2 scrolls labelled NAPPAE ZOQA.
  2962 | Ossuary  | 2962 ||| DRINKING 2 lumpy puce potions.
  2963 | Ossuary  | 2963 ||| DRINKING 2 red potions.
  3067 | Ossuary  | 3067 ||| READING 3 scrolls of identify.
  3067 | Ossuary  | 3067 ||| IDENTIFYING orange potion
  3068 | Ossuary  | 3068 ||| READING 2 scrolls of identify.
  3068 | Ossuary  | 3068 ||| IDENTIFYING lumpy ruby potion
  3069 | Ossuary  | 3069 ||| DROPPING potion of berserk rage.
  3070 | Ossuary  | 3070 ||| DROPPING potion of lignification.
  3071 | Ossuary  | 3071 ||| DROPPING scroll of poison.
  3082 | D:5      | 3082 ||| PLANNING D:1-11
  3089 | D:5      | 3089 ||| INVOKING Spit Poison.
  3096 | D:5      | 3096 ||| INVOKING Spit Poison.
  3194 | D:5      | 3194 ||| INVOKING Spit Poison.
  3203 | D:5      | 3203 ||| INVOKING Spit Poison.
  3210 | D:5      | 3210 ||| INVOKING Spit Poison.
  3217 | D:5      | 3217 ||| INVOKING Spit Poison.
  3223 | D:5      | 3223 ||| INVOKING Spit Poison.
  3232 | D:5      | Identified the +5 short sword "Worm's Wrath" {elec, rPois
                  | Int+3}
  3237 | D:5      | 3237 ||| INVOKING Spit Poison.
  3257 | D:5      | 3257 ||| INVOKING Spit Poison.
  3263 | D:5      | 3263 ||| INVOKING Spit Poison.
  3285 | D:5      | 3285 ||| INVOKING Spit Poison.
  3289 | D:5      | 3289 ||| INVOKING Spit Poison.
  3296 | D:5      | 3296 ||| INVOKING Spit Poison.
  3309 | D:5      | Found a sacrificial altar of Ru.
  3313 | D:5      | 3313 ||| INVOKING Spit Poison.
  3318 | D:5      | 3318 ||| INVOKING Spit Poison.
  3358 | D:5      | 3358 ||| INVOKING Spit Poison.
  3384 | D:5      | Reached skill level 9 in Ranged Weapons
  3431 | D:5      | 3431 ||| INVOKING Spit Poison.
  3557 | D:5      | Found a shadowy altar of Dithmenos.
  3947 | D:5      | 3947 ||| DRINKING 2 silvery potions.
  3948 | D:5      | 3948 ||| DROPPING potion of brilliance.
  3976 | D:6      | 3976 ||| INVOKING Spit Poison.
  3982 | D:6      | 3982 ||| STAIRDANCE
  3984 | D:5      | 3984 ||| INVOKING Spit Poison.
  3991 | D:5      | 3991 ||| INVOKING Spit Poison.
  4022 | D:6      | 4022 ||| INVOKING Spit Poison.
  4025 | D:6      | 4025 ||| INVOKING Spit Poison.
  4030 | D:6      | Reached skill level 6 in Fighting
  4030 | D:6      | 4030 ||| INVOKING Spit Poison.
  4032 | D:6      | Reached XP level 9. HP: 78/82 MP: 9/9
  4055 | D:6      | 4055 ||| INVOKING Spit Poison.
  4106 | D:6      | 4106 ||| INVOKING Spit Poison.
  4112 | D:6      | 4112 ||| INVOKING Spit Poison.
  4118 | D:6      | 4118 ||| INVOKING Spit Poison.
  4123 | D:6      | Reached skill level 3 in Dodging
  4125 | D:6      | Found an ancient bone altar of Kikubaaqudgha.
  4141 | D:6      | 4141 ||| READING scroll of acquirement.
  4141 | D:6      | 4141 ||| ACQUIRING +2 arbalest of freezing
  4141 | D:6      | Acquired a +2 arbalest of freezing
  4143 | D:6      | 4143 ||| SWAPPING to +2 arbalest of freezing.
  4144 | D:6      | 4144 ||| DROPPING +3 shortbow.
  4161 | D:6      | 4161 ||| INVOKING Spit Poison.
  4179 | D:6      | Found a white marble altar of Elyvilon.
  4246 | D:6      | 4246 ||| INVOKING Spit Poison.
  4403 | D:6      | 4403 ||| INVOKING Spit Poison.
  4409 | D:6      | 4409 ||| INVOKING Spit Poison.
  4412 | D:6      | 4412 ||| INVOKING Spit Poison.
  4417 | D:6      | 4417 ||| INVOKING Spit Poison.
  4420 | D:6      | 4420 ||| INVOKING Spit Poison.
  4476 | D:6      | 4476 ||| INVOKING Spit Poison.
  4786 | D:7      | 4786 ||| INVOKING Spit Poison.
  4787 | D:7      | 4787 ||| Stepping ~*~*~tactically~*~*~ (outnumbered).
  4790 | D:7      | 4790 ||| Stepping ~*~*~tactically~*~*~ (outnumbered).
  4791 | D:7      | 4791 ||| INVOKING Spit Poison.
  4794 | D:7      | 4794 ||| INVOKING Spit Poison.
  4797 | D:7      | 4797 ||| INVOKING Spit Poison.
  4800 | D:7      | 4800 ||| INVOKING Spit Poison.
  4907 | D:7      | 4907 ||| INVOKING Spit Poison.
  4923 | D:7      | 4923 ||| INVOKING Spit Poison.
  4972 | D:7      | Found an ornate altar of the Wu Jian Council.
  5012 | D:7      | 5012 ||| INVOKING Spit Poison.
  5079 | D:7      | Found an opulent altar of Gozag.
  5091 | D:7      | 5091 ||| INVOKING Spit Poison.
  5094 | D:7      | 5094 ||| INVOKING Spit Poison.
  5097 | D:7      | 5097 ||| INVOKING Spit Poison.
  5108 | D:7      | 5108 ||| INVOKING Spit Poison.
  5111 | D:7      | Reached skill level 10 in Ranged Weapons
  5176 | D:7      | 5176 ||| INVOKING Spit Poison.
  5217 | D:7      | Noticed Maggie
  5219 | D:7      | 5219 ||| INVOKING Spit Poison.
  5223 | D:7      | 5223 ||| INVOKING Spit Poison.
  5225 | D:7      | Killed Maggie
  5312 | D:7      | HP: 17/82 [wight/+0 war axe (6)]
  5313 | D:7      | 5313 ||| READING 2 scrolls of teleportation.
  5313 | D:7      | HP: 8/82 [wight/+0 battleaxe (10)]
  5314 | D:7      | 5314 ||| DRINKING potion of heal wounds.
  5409 | D:7      | 5409 ||| INVOKING Spit Poison.
  5414 | D:7      | 5414 ||| INVOKING Spit Poison.
  5417 | D:7      | 5417 ||| INVOKING Spit Poison.
  5427 | D:7      | 5427 ||| INVOKING Spit Poison.
  5429 | D:7      | Reached XP level 10. HP: 69/94 MP: 10/10
  5465 | D:7      | Identified the +2 flail of Soosimeikh {venom, Will++ Int+3}
  5592 | D:7      | 5592 ||| INVOKING Spit Poison.
  5704 | D:7      | 5704 ||| UPGRADING to +3 leather armour.
  5714 | D:7      | 5714 ||| DROPPING +0 leather armour.
  5715 | D:7      | 5715 ||| READING 8 scrolls of identify.
  5715 | D:7      | 5715 ||| IDENTIFYING fizzy brown potion
  5747 | D:8      | Found a blossoming altar of Fedhas.
  5750 | D:8      | 5750 ||| INVOKING Spit Poison.
  5759 | D:8      | Found a runed translucent gate.
  5759 | D:8      | Found a runed translucent gate.
  5760 | D:8      | Found a runed translucent gate.
  5764 | D:8      | Noticed qw's ghost (novice GrFi)
  5784 | D:8      | Found a hide-covered altar of Uskayaw.
  5800 | D:8      | Found Sexioq's Magic Scroll Shop.
  5811 | D:8      | 5811 ||| BUYING scroll of identify (30 gold).
  5811 | D:8      | Bought a scroll of identify for 30 gold pieces
  5811 | D:8      | 5811 ||| BUYING scroll of identify (30 gold).
  5811 | D:8      | Bought a scroll of identify for 30 gold pieces
  5811 | D:8      | 5811 ||| BUYING scroll of identify (30 gold).
  5811 | D:8      | Bought a scroll of identify for 30 gold pieces
  5811 | D:8      | 5811 ||| BUYING scroll of teleportation (45 gold).
  5811 | D:8      | Bought a scroll of teleportation for 45 gold pieces
  5811 | D:8      | 5811 ||| BUYING scroll of teleportation (45 gold).
  5811 | D:8      | Bought a scroll of teleportation for 45 gold pieces
  5811 | D:8      | 5811 ||| BUYING scroll of teleportation (45 gold).
  5811 | D:8      | Bought a scroll of teleportation for 45 gold pieces
  5823 | D:8      | 5823 ||| INVOKING Spit Poison.
  5893 | D:8      | Reached skill level 11 in Ranged Weapons
  5906 | D:8      | Found a basalt altar of Yredelemnul.
  5912 | D:8      | 5912 ||| Stepping ~*~*~tactically~*~*~ (cloud).
  5913 | D:8      | 5913 ||| Stepping ~*~*~tactically~*~*~ (cloud).
  5915 | D:8      | 5915 ||| INVOKING Spit Poison.
  6021 | D:8      | Found a burning altar of Makhleb.
  6073 | D:8      | 6073 ||| INVOKING Spit Poison.
  6076 | D:8      | 6076 ||| INVOKING Spit Poison.
  6080 | D:8      | 6080 ||| INVOKING Spit Poison.
  6083 | D:8      | Reached skill level 3 in Armour
  6171 | D:8      | 6171 ||| INVOKING Spit Poison.
  6179 | D:8      | 6179 ||| INVOKING Spit Poison.
  6222 | D:8      | 6222 ||| INVOKING Spit Poison.
  6226 | D:8      | 6226 ||| INVOKING Spit Poison.
  6339 | D:9      | 6339 ||| INVOKING Spit Poison.
  6342 | D:9      | 6342 ||| INVOKING Spit Poison.
  6348 | D:9      | 6348 ||| INVOKING Spit Poison.
  6418 | D:9      | 6418 ||| INVOKING Spit Poison.
  6426 | D:9      | 6426 ||| INVOKING Spit Poison.
  6426 | D:9      | Noticed a death yak
  6426 | D:9      | Noticed a death yak
  6430 | D:9      | Noticed a death yak
  6432 | D:9      | 6432 ||| INVOKING Spit Poison.
  6435 | D:9      | 6435 ||| INVOKING Spit Poison.
  6436 | D:9      | HP: 7/96 [death yak (20)]
  6437 | D:9      | 6437 ||| READING 4 scrolls of teleportation.
  6437 | D:9      | Slain by a death yak

Levels and vault maps discovered:
D:1:      dpeg_arrival_round_c, layout_loops_cross,
          hellmonk_ecumenical_altar_zigzags, serial_shops,
          nicolae_shop_temple_entry_statues_fountains, minmay_door_square,
          minivault_24, chequers_serial_rivers_small_b, minmay_pentomino_p2
D:2:      layout_basic, serial_shops, nicolae_shop_advertising_works
          [nicolae_subvault_shop_adworks], columned_hall_lemuel, hex_large,
          dk_vineyard_1, due_unseen_surprise
D:3:      layout_loops_cross
D:4:      layout_gridville, minmay_temple_entry_mini_moons, uniq_eustachio,
          uniq_natasha
D:5:      layout_loops_ring, nicolae_ru_sacrificial_ziggurat,
          nicolae_overflow_hidden_temple, enter_ossuary_4, serial_bayou_lake_a
D:6:      layout_basic, tgw_kikubaaqudgha, nicolae_elyvilon_peaceful_grove,
          minmay_misc_feat_five, minivault_24
D:7:      layout_basic, nicolae_gozag_seed_capital,
          pdpol_wu_jian_five_deadly_venoms, uniq_maggie
D:8:      layout_basic, amcnicky_altar_gilded, mainiacjoe_overflow_tiny_flanked,
          mainiacjoe_overflow_boulevard, mainiacjoe_overflow_cross_hatched,
          gammafunk_ghost_necromancy, serial_shops, nicolae_lakefront_shop
D:9:      layout_stronghold, okawaru_ov_weapons_minmay, xom_teletrap_fun,
          dpeg_lair_monsters, dk_noncrumbling_2
Temple:   hellmonk_temple_beads

Skill      XL: |  1  2  3  4  5  6  7  8  9 10 |
---------------+-------------------------------+-----
Ranged Weapons | 4 5 6 7 9 10 11 | 11.4
Fighting       | 3 4 6 7 8 |  8.0
Armour         | 1 2 3 |  3.0
Dodging        | 2 3 4 |  4.0
Stealth        | |  1.5

Action                     |  1- 3 |  4- 6 |  7- 9 | 10-12 || total
---------------------------+-------+-------+-------+-------++-------
   Fire: Shortbow          |    74 |    74 |   232 |       ||   380
         Arbalest          |       |       |    87 |    55 ||   142
Ability: Spit Poison       |    29 |    21 |    60 |    18 ||   128
    Use: Scroll            |     8 |     7 |     7 |     2 ||    24
         Potion            |     1 |       |     4 |       ||     5
 Armour: Leather armour    |    13 |    32 |   181 |    21 ||   247
  Dodge: Dodged            |    19 |    21 |   162 |    20 ||   222

Table legend:
 A = Non-vault XP
 B = Vault XP
 C = Vault XP percentage of total XP
 D = Non-vault monster count
 E = Vault monster count
 F = Vault count percentage of total count
                 A         B        C        D         E       F
            +---------+---------+-------+---------+---------+-------
      Total |    6084 |    1173 |  16.2 |     183 |      24 |  11.6
            +---------+---------+-------+---------+---------+-------
        D:1 |      40 |       3 |   7.0 |      25 |       2 |   7.4
        D:2 |      13 |       0 |   0.0 |       8 |       0 |   0.0
        D:3 |     115 |       0 |   0.0 |      16 |       0 |   0.0
        D:4 |     868 |     238 |  21.5 |      20 |       2 |   9.1
        D:5 |     705 |       2 |   0.3 |      32 |       2 |   5.9
        D:6 |     705 |       0 |   0.0 |      24 |       0 |   0.0
        D:7 |    1361 |     385 |  22.1 |      36 |       1 |   2.7
        D:8 |    1052 |       0 |   0.0 |      16 |       0 |   0.0
        D:9 |    1225 |     213 |  14.8 |       6 |       1 |  14.3
    Ossuary |       0 |     332 | 100.0 |       0 |      16 | 100.0
            +---------+---------+-------+---------+---------+-------
